 Dungeon Crawl Stone Soup version 0.30.1 (webtiles) character file.

Game seed: 14139915468139494514

16 Dordric the Slasher (level 2, 0/23 HPs)
             Began as a Djinni Warper on July 5, 2023.
             Slain by a kobold
             ... wielding a +1 short sword of draining
              (5 damage)
             ... on level 1 of the Dungeon.
             The game lasted 00:00:26 (536 turns).

Dordric the Slasher (Djinni Warper)                  Turns: 536, Time: 00:00:26

Health: 0/23       AC:  3    Str: 10    XL:     2   Next: 70%
Gold:   38         EV: 11    Int: 14    God:
                   SH:  0    Dex: 12

rFire   + + .        a - +0 falchion
rCold   x . .        (no shield)
rNeg    . . .        b - +0 leather armour
rPois   ∞            (no helmet)
rElec   .            (no cloak)
rCorr   .            (no gloves)
SInv    .            (boots unavailable)
Will    .....        (no amulet)
Stlth   +            (no ring)
HPRegen 0.23/turn    (no ring)
MPRegen 0.00/turn

%: infuse magic (-1 HP)
@: flying
A: sickness immunity, fire resistance 2, cold vulnerability 1, float, innate
caster, HP casting, extra vitality 1
a: no special abilities


You were on level 1 of the Dungeon.
You visited 1 branch of the dungeon, and saw 1 of its levels.

You collected 38 gold pieces.

Inventory:

Hand Weapons
 a - a +0 falchion (weapon)
Missiles
 d - 7 boomerangs of dispersal (quivered)
 h - 3 boomerangs
Armour
 b - a +0 leather armour (worn)
Scrolls
 c - a scroll of blinking
 g - a scroll of enchant weapon {unknown}
 i - a scroll of noise {unknown}
Potions
 e - a potion of haste {unknown}
 f - 3 potions of curing {unknown}


   Skills:
 - Level 2.0 Fighting
 + Level 2.8 Long Blades
 - Level 0.7 Throwing
 - Level 1.0 Armour
 - Level 2.1 Dodging
 - Level 2.4 Spellcasting


You knew the following spells:

 Your Spells              Type           Power      Damage    Failure   Level
a - Blink                 Tloc           16%        N/A       17%         2
b - Lesser Beckoning      Tloc           16%        N/A       17%         2
c - Vhi's Electric Charg  Tloc/Air       16%        N/A       34%         3
d - Teleport Other        Tloc           8%         N/A       34%         3
e - Manifold Assault      Tloc           8%         N/A       75%         4
Your spell library was empty.

Dungeon Overview and Level Annotations

Branches:
Dungeon (1/15)

Altars:


Innate Abilities, Weirdness & Mutations

You are immune to sickness and miasma.
You are immune to poison.
Your flesh is very heat resistant. (rF++)
You are vulnerable to cold. (rC-)
You float through the air rather than walking.
You learn spells naturally, not from books.
Your magical power is your life essence.
You have superior vitality. (+4 MHP)


Message History

You are too injured to fight recklessly!
You are too injured to fight recklessly!
You are too injured to fight recklessly!
You are too injured to fight recklessly!
You are too injured to fight recklessly!
You are too injured to fight recklessly!
The giant cockroach attacks as you move away!
The giant cockroach barely misses you. The hobgoblin hits you.
* * * LOW HITPOINT WARNING * * *
The kobold hits you but does no damage. The kobold attacks as you move away!
The kobold hits you but does no damage. The hobgoblin closely misses you.
The giant cockroach bites you but does no damage.
The hobgoblin attacks as you move away! The hobgoblin barely misses you.
You hit the hobgoblin.
The hobgoblin is heavily wounded.
The hobgoblin hits you.
* * * LOW HITPOINT WARNING * * *
You barely miss the hobgoblin.
The hobgoblin is heavily wounded.
The hobgoblin closely misses you.
The giant cockroach waves its antennae.
You hit the hobgoblin.
The hobgoblin is almost dead.
The hobgoblin misses you.
The hobgoblin hits you but does no damage.
You closely miss the hobgoblin.
The hobgoblin is almost dead.
The hobgoblin closely misses you.
You hit the hobgoblin.
You kill the hobgoblin!
You hit the giant cockroach.
You kill the giant cockroach!
You hit the kobold but do no damage.
The kobold hits you with a +1 short sword of draining.
* * * LOW HITPOINT WARNING * * *
You miss the kobold. The kobold barely misses you.
You hit the kobold but do no damage.
The kobold hits you with a +1 short sword of draining.
You die...

######### #.......#
#.#####.# ###### #.#...#.#
#..... ######.#.#.#.#####
#..... #.................
#..... #........#........
#..... #.####...#.#......
#..... #@# #...#.#######
##.....####K####...#.# #..
...........K..##...#.#####.#
#####.........##...#........
#.........###..#######..
#.........# ########..
#.........# ..........
#.........# ########.#
............. #.#


You could see 2 kobolds.

Vanquished Creatures
  3 ball pythons (D:1)
  2 bats (D:1)
  2 giant cockroaches (D:1)
  A goblin (D:1)
  2 hobgoblins (D:1)
  2 kobolds (D:1)
  A frilled lizard (D:1)
  A rat (D:1)
14 creatures vanquished.

Notes
Turn   | Place    | Note
-------+----------+-------------------------------------------
     0 | D:1      | Dordric the Djinni Warper began the quest for the Orb.
     0 | D:1      | Dordric set off with the following spells memorised: Blink,
                  | Lesser Beckoning, Vhi's Electric Charge, Teleport Other,
                  | Manifold Assault.
     0 | D:1      | Reached XP level 1. HP: 18/18 MP: 0/0
   208 | D:1      | Reached XP level 2. HP: 23/23 MP: 0/0
   536 | D:1      | Slain by a kobold

Illustrated notes

Levels and vault maps discovered:
D:1:      nzn_arrival_water_spiral, layout_basic, minivault_24

Skill      XL: |  1 |
---------------+----+-----
Long Blades    | 2 |  2.8
Fighting       | |  2.0
Throwing       | |  0.7
Armour         | |  1.0
Dodging        | |  2.1
Spellcasting   | |  2.4

Action                     || total
---------------------------++-------
  Melee: Falchion          ||    49
 Armour: Leather armour    ||    21
  Dodge: Dodged            ||    43
